 Dungeon Crawl Stone Soup version 0.29.1-12-g30fa7ad0bf (webtiles) character file.

Game seed: 6179024481408420906

133 hannahiscool the Magician (level 5, -1/31 HPs)
             Began as an Octopode Fire Elementalist on Jan 5, 2023.
             Killed by divine providence
             ... invoked by an orc priest
              (9 damage)
             ... on level 3 of the Dungeon.
             The game lasted 00:09:19 (2862 turns).

hannahiscool the Magician (OpFE)                    Turns: 2862, Time: 00:09:19

Health: -1/31      AC:  1    Str:  8    XL:     5   Next: 16%
Magic:  5/21       EV: 13    Int: 19    God:
Gold:   124        SH:  0    Dex: 12    Spells: 10/13 levels left

rFire   + . .      SeeInvis .   i - staff of fire
rCold   . . .      Faith    .   (no shield)
rNeg    . . .      Spirit   .   (helmet restricted)
rPois   +          Reflect  .   (no amulet)
rElec   .          Harm     .   m - ring of magical power
rCorr   .          Rampage  .   k - ring of poison resistance
Will    .....                   (no ring)
Stlth   ++........              (no ring)
HPRegen 0.10/turn               (no ring)
MPRegen 0.17/turn               (no ring)
                                (no ring)
                                (no ring)

@: confused, mighty
A: almost no armour, amphibious, 8 rings, camouflage 1, gelatinous body 1,
(nimble swimmer 1), tentacles
a: no special abilities


You were on level 3 of the Dungeon.
You visited 1 branch of the dungeon, and saw 3 of its levels.

You collected 124 gold pieces.

Inventory:

Hand Weapons
 b - a +0 whip
Missiles
 q - 5 javelins
Magical Staves
 i - a staff of fire (weapon)
 o - a staff of earth
Jewellery
 k - a ring of poison resistance (right tentacle)
 m - a ring of magical power (left tentacle)
Wands
 p - a wand of paralysis (8)
Scrolls
 c - a scroll of silence {unknown}
 d - a scroll of fear {unknown}
 e - 2 scrolls of enchant armour {unknown}
 f - 3 scrolls of identify {unknown}
 g - 3 scrolls of teleportation {unknown}
 j - 2 scrolls of noise {unknown}
 l - a scroll of brand weapon {unknown}
 r - a scroll of butterflies {unknown}
Potions
 a - 2 potions of magic
 n - a potion of brilliance {unknown}
 s - a potion of mutation {unknown}


   Skills:
 - Level 2.0 Dodging
 - Level 2.6 Stealth
 + Level 4.8 Spellcasting
 - Level 1.0 Conjurations
 - Level 3.0 Fire Magic


You had 10 spell levels left.
You knew the following spells:

 Your Spells              Type           Power      Damage    Failure   Level
a - Foxfire               Conj/Fire      72%        2x1d7     5%          1
b - Scorch                Fire           48%        2d7       5%          2

Your spell library contained the following spells:

 Spells                   Type           Power      Damage    Failure   Level
 Conjure Flame            Conj/Fire      18%        6-21      17%         3
 Inner Flame              Hex/Fire       15%        N/A       21%         3
 Flame Wave               Conj/Fire      18%        2d7       50%         4


Dungeon Overview and Level Annotations

Branches:
Dungeon (3/15)

Altars:


Innate Abilities, Weirdness & Mutations

You cannot wear most types of armour.
You are amphibious.
You can wear up to eight rings at the same time.
Your skin changes colour to match your surroundings (Stealth+).
Your rubbery body absorbs attacks. (AC +1, EV +1)
((You are camouflaged when in or above water. (Stealth+)))
You have tentacles for arms and can constrict up to eight enemies at once.


Message History

Confirm with . or Enter, or press ? or * to list all spells.
You feel a surge of power!
Flames lash something.
Something hits you.
Casting: Scorch (safe; 6% risk of failure)
Confirm with . or Enter, or press ? or * to list all spells.
You feel a surge of power!
Flames lash the orc priest.
The orc priest is burned terribly!
You kill the orc priest!
Something hits you.
You have reached level 5!
You feel stronger.
You closely miss something. Your squeeze misses something.
You hear some strange, mumbled words.
A puff of flame appears from out of thin air!
The puff of flame hits you. You resist.
Casting: Scorch (safe; 5% risk of failure)
Confirm with . or Enter, or press ? or * to list all spells.
You can't see any susceptible monsters within range! (Use Z to cast anyway.)
Casting: Scorch (safe; 5% risk of failure)
Confirm with . or Enter, or press ? or * to list all spells.
You feel a surge of power!
Flames lash something.
You hear a shout!
You hear some strange, mumbled words.
You are confused.
You're too confused to cast spells.
You're too confused to move!
Something hits you.
The orc wizard gestures at you while chanting.
You are too confused!
It was a potion of might.
You feel very mighty all of a sudden.
You hear some strange, mumbled words.
You are more confused.
You bump into the rock wall.
Something hits you.
You bump into the rock wall.
You hear some strange, mumbled words.
A magic dart appears from out of thin air!
The magic dart hits you!
* * * LOW HITPOINT WARNING * * *
You bump into the rock wall.
The orc priest invokes the aid of Beogh against you.
Beogh smites you!
You die...

#.##.# ## ####h.... #.##.#
#.... ........ #.#
....#####o..... #.#
#.#.##...h..... #.#
#.#.##.##...<). ###.###
#.#.##....).... #.....#
#.#.##.......##
#####.###.#######..o.........##
#.....# #.....@{o)............#
#.###.###.###.#####.........#..
#.# #.....# #.# #########...#
#.# ###.#####.# ##### #.#
#.......# #.# #######.# #.# #.#
#.# #.# #.###########.#


You could see an orc priest and an orc wizard.

Vanquished Creatures
  An orc priest (D:3)
  Natasha (twice) (D:3)
  A dart slug (D:2)
  An orc (D:3)
  3 bats
  5 endoplasms
  A giant cockroach (D:2)
  6 goblins
  2 hobgoblins (D:1)
  5 jackals (D:1)
  4 kobolds
  3 quokkas
  8 ball pythons
  2 frilled lizards
  2 rats
46 creatures vanquished.

Vanquished Creatures (others)
  84 foxfires
84 creatures vanquished.

Grand Total: 130 creatures vanquished

Notes
Turn   | Place    | Note
-------+----------+-------------------------------------------
     0 | D:1      | hannahiscool the Octopode Fire Elementalist began the quest
                  | for the Orb.
     0 | D:1      | Reached XP level 1. HP: 11/11 MP: 3/3
   228 | D:1      | Reached XP level 2. HP: 17/17 MP: 0/5
   540 | D:1      | Reached skill level 3 in Spellcasting
   850 | D:1      | Reached XP level 3. HP: 21/21 MP: 4/7
   885 | D:1      | Found a faded altar of an unknown god.
  1293 | D:2      | Learned a level 2 spell: Scorch
  2605 | D:3      | Noticed Natasha
  2609 | D:3      | Killed Natasha
  2610 | D:3      | Reached skill level 4 in Spellcasting
  2610 | D:3      | Reached XP level 4. HP: 27/27 MP: 10/10
  2838 | D:3      | Noticed Natasha
  2852 | D:3      | Killed Natasha
  2856 | D:3      | Reached XP level 5. HP: 27/31 MP: 6/12
  2862 | D:3      | Killed from afar by an orc priest

Illustrated notes

Levels and vault maps discovered:
D:1:      dpeg_arrival_short_road, layout_basic,
          dreamdust_ecumenical_altar_grove
D:2:      layout_basic
D:3:      layout_loops_ring, serial_shops, nicolae_shop_trees,
          kennysheep_generic_room_2, uniq_natasha

Skill      XL: |  1  2  3 |
---------------+----------+-----
Spellcasting   | 3 4 |  4.8
Dodging        | |  2.0
Stealth        | |  2.6
Conjurations   | |  1.0
Fire Magic     | |  3.0

Action                   |  1- 3 |  4- 6 || total
-------------------------+-------+-------++-------
Melee: Unarmed           |     2 |       ||     2
       Constrict         |     1 |       ||     1
       Punch             |     1 |       ||     1
       Whip              |     2 |       ||     2
       Staff             |       |     1 ||     1
 Cast: Foxfire           |    49 |     6 ||    55
       Scorch            |    12 |     8 ||    20
  Use: Potion            |       |     1 ||     1
Dodge: Dodged            |    13 |     2 ||    15
